 Dungeon Sprint DCSS version 0.20.1-1-g8b1a95d (webtiles) character file.

1315 potatolord6000 the Covert (level 8, -2/37 HPs)
             Began as a Spriggan Arcane Marksman on Aug 22, 2017.
             Impaled on a porcupine's spines (5 damage)
             ... in the Dungeon (Sprint V: "Ziggurat Sprint").
             The game lasted 00:08:40 (707 turns).

potatolord6000 the Covert (Spriggan Arcane Marksman) Turns: 707, Time: 00:08:41

Health: -2/37      AC: 11    Str:  6    XL:     8   Next: 33%
Magic:  13/22      EV: 32    Int: 15    God:
Gold:   0          SH:  0    Dex: 30    Spells: 19/25 levels left

rFire    . . .     SeeInvis +   o - +4 rapier (protect)
rCold    . . .     Gourm    .   (shield restricted)
rNeg     + . .     Faith    .   C - +2 robe {rN+}
rPois    .         Spirit   .   (helmet restricted)
rElec    .         Reflect  .   (no cloak)
rCorr    .         Harm     .   (gloves unavailable)
MR       +....     NoTele   +   (boots unavailable)
Stlth    ++++++....             l - amulet "Jyvi" {+Rage SInv}
Regen    0.2/turn               y - +6 ring of dexterity
MPRegen  0.2/turn               B - +6 ring of dexterity

@: protection aura, very quick
A: unfitting armour, see invisible, herbivore 3, speed 3, slow metabolism 2
a: Evoke Berserk Rage


You were in the Dungeon.
You were not hungry.

You visited 1 branch

Inventory:

Hand Weapons
 a - a +5 shortbow of venom
 o - a +4 rapier of protection (weapon)
Missiles
 d - 1001 arrows
Armour
 C - a +2 robe of positive energy (worn)
Jewellery
 l - the amulet "Jyvi" (around neck) {+Rage SInv}
   (You found it in the Dungeon)

   [amulet of rage]

   It lets you see invisible.
   It lets you go berserk.
 y - a +6 ring of dexterity (left hand)
 B - a +6 ring of dexterity (right hand)
Scrolls
 k - 4 scrolls of blinking
 r - 4 scrolls of amnesia
 s - 3 scrolls of recharging
 t - 8 scrolls of fog
 u - a scroll of holy word
 v - 5 scrolls of identify
 w - 5 scrolls of remove curse
 x - 2 scrolls of fear
Potions
 b - 2 potions of brilliance
 e - 9 potions of curing
 g - 9 potions of heal wounds
 h - 5 potions of haste
 i - 7 potions of magic
 j - 3 potions of berserk rage
 m - a potion of invisibility
 n - 4 potions of resistance
 p - 4 potions of agility
 q - 4 potions of might
Books
 c - a book of Debilitation

   Spells                             Type                      Level
   a - Corona                         Hexes                        1
   b - Slow                           Hexes                        2
   c - Inner Flame                    Hexes/Fire                   3
   d - Portal Projectile              Hexes/Translocation          3
   e - Cause Fear                     Hexes                        4
   f - Leda's Liquefaction            Hexes/Earth                  4
Comestibles
 f - 5 bread rations
 z - 42 fruits


   Skills:
 - Level 0.7 Fighting
 + Level 8.4 Short Blades
 + Level 9.4 Bows
 + Level 11.1 Dodging
 + Level 11.5 Stealth
 + Level 9.4 Spellcasting
 + Level 9.8 Hexes


You had 19 spell levels left.
You knew the following spells:

 Your Spells              Type           Power        Failure   Level  Hunger
a - Corona                Hex            #####..      1%          1    None
b - Slow                  Hex            #####...     1%          2    None
c - Portal Projectile     Hex/Tloc       ###...       4%          3    #......


Dungeon Overview and Level Annotations

Branches:
Dungeon (1/1)

Altars:
Ashenzari
Cheibriados
Dithmenos
Elyvilon
Fedhas
Gozag
Hepliaklqana
Kikubaaqudgha
Makhleb
Nemelex Xobeh
Okawaru
Qazlal
Ru
Sif Muna
Trog
Uskayaw
Vehumet
Xom
Yredelemnul
Zin
The Shining One
Beogh
Jiyva
Lugonu

Annotations:
D 1 transporter


Innate Abilities, Weirdness & Mutations

You are very small and have problems with some larger weapons.
You are too small for most types of armour.
You have supernaturally acute eyesight. (SInv)
You are a herbivore.
You cover ground extremely quickly.
You need consume almost no food.


Message History

The porcupine misses you. The yak misses you.
The porcupine completely misses you. The yak gores you.
Found a transporter.
Things that are here:
5 arrows; an iguana corpse; a wolf corpse You are struck by the porcupine's spines.
You hit the porcupine.
The porcupine is moderately wounded.
The porcupine misses you.
You hit the porcupine.
The porcupine is heavily wounded.
The yak completely misses you. The porcupine completely misses you.
You are struck by the porcupine's spines.
You hit the porcupine but do no damage.
The porcupine is heavily wounded.
The yak gores you!
* * * LOW HITPOINT WARNING * * *
The porcupine completely misses you.
You are struck by the porcupine's spines.
You die...

▓▓▓▓▓▓▓▓▓▓▓▓▓▓▓▓▓▓▓
▓..8©8..▓ ▓..}))..▓
▓..::|..▓ ▓.......▓
▓.......▓ ▓.......▓
▓.......▓ ▓.▓r@Y▓.▓
▓.((....▓ ▓▓▓▓▓▓▓▓▓


You could see a yak and a porcupine.

Vanquished Creatures
  A tarantella (D)
  A yak (D)
  A golden eye (D)
  2 insubstantial wisps (D)
  A floating eye (D)
  2 porcupines (D)
  An eye of draining (D)
  A wolf (D)
  2 scorpions (D)
  An iron imp (D)
  An iguana (D)
  A white imp (D)
  An ooze (D)
  A bat zombie (D)
  3 jackals (D)
  A giant cockroach zombie (D)
  A leopard gecko zombie (D)
22 creatures vanquished.

Vanquished Creatures (others)
  A spatial maelstrom (D)
1 creature vanquished.

Grand Total: 23 creatures vanquished

Notes
Turn   | Place    | Note
-------+----------+-------------------------------------------
     0 | D        | potatolord6000 the Spriggan Arcane Marksman began the quest for the Orb.
     0 | D        | Reached XP level 1. HP: 9/9 MP: 3/3
     0 | D        | Found a deep blue altar of Sif Muna.
     0 | D        | Found a bloodstained altar of Trog.
     0 | D        | Found a sacrificial altar of Ru.
     0 | D        | Found a stormy altar of Qazlal.
     0 | D        | Found an iron altar of Okawaru.
     0 | D        | Banished a spatial maelstrom
     0 | D        | Banished a spatial maelstrom
     1 | D        | Found a sparkling altar of Nemelex Xobeh.
     1 | D        | Found a blossoming altar of Fedhas.
     3 | D        | Found a transporter.
     3 | D        | Found an ancient bone altar of Kikubaaqudgha.
     3 | D        | Found a viscous altar of Jiyva.
     3 | D        | Found a corrupted altar of Lugonu.
     3 | D        | Found a hazy altar of Hepliaklqana.
     3 | D        | Found a burning altar of Makhleb.
     3 | D        | Found an opulent altar of Gozag.
   151 | D        | Reached skill level 5 in Dodging
   151 | D        | Reached skill level 5 in Hexes
   151 | D        | Reached XP level 2. HP: 14/14 MP: 3/7
   156 | D        | Learned a level 2 spell: Slow
   157 | D        | Entered arena 2.
   157 | D        | Noticed an insubstantial wisp
   157 | D        | Noticed an insubstantial wisp
   157 | D        | Found a transporter.
   173 | D        | Killed an insubstantial wisp
   173 | D        | Reached skill level 5 in Bows
   173 | D        | Reached skill level 5 in Spellcasting
   173 | D        | Reached XP level 3. HP: 17/17 MP: 4/10
   173 | D        | Reached XP level 4. HP: 21/21 MP: 4/12
   174 | D        | Killed an insubstantial wisp
   174 | D        | Reached skill level 5 in Short Blades
   174 | D        | Reached XP level 5. HP: 25/25 MP: 4/14
   198 | D        | Entered arena 3.
   198 | D        | Noticed a tarantella
   198 | D        | Found a transporter.
   208 | D        | Killed a tarantella
   208 | D        | Reached XP level 6. HP: 29/29 MP: 7/17
   246 | D        | Learned a level 3 spell: Portal Projectile
   248 | D        | Entered arena 4.
   248 | D        | Noticed a floating eye
   248 | D        | Noticed a golden eye
   248 | D        | Found a transporter.
   269 | D        | Paralysed by a floating eye for 3 turns
   276 | D        | Paralysed by a floating eye for 4 turns
   285 | D        | Killed a floating eye
   285 | D        | Reached XP level 7. HP: 17/32 MP: 0/19
   336 | D        | Killed a golden eye
   336 | D        | Reached skill level 10 in Dodging
   336 | D        | Reached skill level 10 in Stealth
   530 | D        | Entered arena 5.
   530 | D        | Noticed a yak
   530 | D        | Found a transporter.
   541 | D        | Reached XP level 8. HP: 37/37 MP: 11/21
   612 | D        | Entered arena 6.
   612 | D        | Found a transporter.
   667 | D        | Got the amulet "Jyvi" {+Rage SInv}
   677 | D        | Entered arena 7.
   703 | D        | Found a transporter.
   707 | D        | Impaled on a porcupine's spines

Skill      XL: |  1  2  3  4  5  6  7  8 |
---------------+-------------------------+-----
Short Blades   | 3 4 5 6 7 8 |  8.4
Bows           | 4 5 6 7 8 9 |  9.4
Dodging        | 5 7 8 9 10 11 | 11.1
Stealth        | 4 6 7 9 11 | 11.5
Spellcasting   | 3 5 6 7 8 9 |  9.4
Hexes          | 5 6 7 8 9 |  9.8
Fighting       | |  0.7

Action                   |  1- 3 |  4- 6 |  7- 9 || total
-------------------------+-------+-------+-------++-------
Melee: Quick blade       |     3 |     1 |       ||     4
       Rapier            |       |    13 |    91 ||   104
 Fire: Shortbow          |     6 |    14 |    24 ||    44
 Cast: Portal Projectile |       |     1 |     3 ||     4
  Use: Potion            |     7 |       |       ||     7
       Scroll            |       |       |     1 ||     1
 Stab: Invisible         |     1 |     1 |       ||     2
Armor: Robe              |       |     4 |    11 ||    15
Dodge: Dodged            |     5 |    19 |   210 ||   234
